 Dungeon Crawl Stone Soup version 0.28.0-53-g5a82cb258f (webtiles) character file.

Game seed: 9220537907380088713

103 Peloso the Shield-Bearer (level 4, -2/40 HPs)
             Began as a Minotaur Fighter on Aug 11, 2022.
             Slain by a wight
             ... wielding a +2 morningstar
              (12 damage)
             ... on level 4 of the Dungeon.
             The game lasted 00:02:17 (1494 turns).

Peloso the Shield-Bearer (Minotaur Fighter)         Turns: 1494, Time: 00:02:18

Health: -2/40      AC:  7    Str: 21    XL:     4   Next: 51%
Magic:  3/3        EV:  9    Int:  5    God:
Gold:   41         SH:  5    Dex: 11    Spells: 3/3 levels left

rFire   . . .      SeeInvis .   a - +0 long sword
rCold   . . .      Faith    .   c - +0 buckler
rNeg    . . .      Spirit   .   b - +0 scale mail
rPois   .          Reflect  .   (helmet restricted)
rElec   .          Harm     .   (no cloak)
rCorr   .          Rampage  .   (no gloves)
Will    .....                   (no boots)
Stlth   ..........              (no amulet)
HPRegen 0.13/turn               (no ring)
MPRegen 0.08/turn               (no ring)

@: no status effects
A: horns 2, retaliatory headbutt
a: no special abilities


You were on level 4 of the Dungeon.
You visited 1 branch of the dungeon, and saw 3 of its levels.

You collected 41 gold pieces.

Inventory:

Hand Weapons
 a - a +0 long sword (weapon)
Armour
 b - a +0 scale mail (worn)
 c - a +0 buckler (worn)
Wands
 n - a wand of flame (4)
Scrolls
 e - a scroll of fog {unknown}
 f - a scroll of torment {unknown}
 g - a scroll of enchant weapon {unknown}
 h - 2 scrolls of vulnerability {unknown}
 j - a scroll of silence {unknown}
 l - a scroll of magic mapping {unknown}
 m - 3 scrolls of teleportation {unknown}
Potions
 d - a potion of might
 i - a potion of degeneration {unknown}
 k - a potion of heal wounds {unknown}


   Skills:
 + Level 4.2 Fighting
 + Level 4.0 Long Blades
 + Level 4.3 Armour
 + Level 0.5 Dodging
 + Level 4.4 Shields


You had 3 spell levels left.
You didn't know any spells.
Your spell library contained the following spells:

 Spells                   Type           Power      Damage    Failure   Level
 Conjure Flame            Conj/Fire      0%         6-21      99%         3
 Ignite Poison            Fire/Tmut/Pois 0%         N/A       99%         3
 Sticky Flame             Conj/Fire      0%         2d3       100%        4


Dungeon Overview and Level Annotations

Branches:
Dungeon (2/15)

Altars:

Shops:
D:4 [


Innate Abilities, Weirdness & Mutations

You have a pair of horns on your head.
You reflexively headbutt those who attack you in melee.


Message History

The howler monkey skeleton hits you but does no damage. x2
You slash the howler monkey skeleton!
You destroy the howler monkey skeleton!
Your Long Blades skill increases to level 4!
The dart slug briefly extends its eye-stalks.
You see here a giant cockroach corpse.
The dart slug completely misses you.
You slash the dart slug!
You kill the dart slug!
An ogre comes into view. It is wielding a +0 giant club.
You see here 14 gold pieces.
You see here 26 stones.
You see here a wand of flame (4).
n - a wand of flame (4)
You see here 10 gold pieces.
You see here 10 gold pieces.
Found Viorch's Armour Shoppe.
Found a stone staircase leading up.
A goblin and a phantom come into view.
The goblin shouts!
A wight comes into view.
It is wielding a +3 battleaxe of freezing.
Found 10 gold pieces.
A wight comes into view. It is wielding a +0 battleaxe.
The wight barely misses you. You furiously retaliate!
You headbutt the wight.
A wight and a worm come into view.
The wight is wielding a +2 dagger of freezing.
The wight hits you with a +2 battleaxe!
A wight comes into view. It is wielding a +2 morningstar.
Found a stone staircase leading down.
The goblin hits you but does no damage.
You barely miss the wight. The wight barely misses you.
The goblin hits you with a +0 club. The wight hits you with a +2 battleaxe!
The wight hits you but does no damage.
Unknown command.
The phantom hits you.
* * * LOW HITPOINT WARNING * * *
The goblin barely misses you. You furiously retaliate!
You headbutt the goblin. The wight barely misses you.
Unknown command.
The wight hits you with a +2 morningstar!
You die...

#.....###...........+
##.....##...........#
.##.....#.....#.....#
!.................$.#
..............zz....#
..............OW....#
.........#....###...#
.........#...z8zg.8##
.........#.....w@..#
...$.....#......<..#
.........#............
.........#8...∩...8.....
.#.......#..............
.........#..>...........
.#.......#..............
.........#8...8.........
.#..######


You could see a worm, 2 wights and a goblin.

Vanquished Creatures
  An iguana (D:2)
  Natasha (D:2)
  A howler monkey skeleton (D:4)
  2 dart slugs
  3 bats (D:1)
  3 endoplasms
  A giant cockroach (D:4)
  3 goblins
  5 hobgoblins
  3 jackals
  5 kobolds
  2 quokkas (D:1)
  3 ball pythons (D:1)
  3 frilled lizards (D:1)
36 creatures vanquished.

Notes
Turn   | Place    | Note
-------+----------+-------------------------------------------
     0 | D:1      | Peloso the Minotaur Fighter began the quest for the Orb.
     0 | D:1      | Reached XP level 1. HP: 19/19 MP: 0/0
   103 | D:1      | Reached XP level 2. HP: 23/27 MP: 1/1
   508 | D:1      | Reached XP level 3. HP: 29/33 MP: 2/2
   678 | D:1      | Found a faded altar of an unknown god.
  1049 | D:2      | Noticed Natasha
  1064 | D:2      | Killed Natasha
  1065 | D:2      | Reached XP level 4. HP: 31/40 MP: 3/3
  1384 | D:2      | You fall into a shaft and drop 2 floors!
  1454 | D:4      | Noticed an ogre
  1481 | D:4      | Found Viorch's Armour Shoppe.
  1483 | D:4      | Noticed a phantom
  1494 | D:4      | Slain by a wight

Illustrated notes

Levels and vault maps discovered:
D:1:      minmay_arrival_open_corners, layout_loops_ring,
          shapermc_ecumenical_altar_pompeii, fountainhead, st_stairs_5
D:2:      layout_basic, uniq_natasha
D:4:      minmay_opposing_rooms, layout_basic, serial_shops,
          nicolae_stop_n_shop_1, minmay_misc_feat_pillars, serial_bayou_pond_c,
          minmay_crossroads, uniq_blork_the_orc, uniq_edmund

Skill      XL: |  1  2  3  4 |
---------------+-------------+-----
Shields        | 4 |  4.4
Fighting       | 4 |  4.2
Long Blades    | 3 4 |  4.0
Armour         | 4 |  4.3
Dodging        | |  0.5

Action                   |  1- 3 |  4- 6 || total
-------------------------+-------+-------++-------
Melee: Long sword        |    66 |    15 ||    81
       Headbutt          |    14 |     1 ||    15
Armor: Scale mail        |    30 |    10 ||    40
Dodge: Dodged            |    24 |    14 ||    38
Block: Buckler           |     8 |     2 ||    10
